Map: Overgrowth LE (Void)

Players

speaknow (ByuN) - Winner!

  • Race: Terran Terran
  • Spawn Location: 1:00

Kelazhur

  • Race: Terran Terran
  • Spawn Location: 7:00

Event: NationWars IV

VOD

Have the link to the VOD?

Description

Time

  • Played on: Jan. 4, 2017, 12:09 p.m.
  • Length: 8:31

All games in this series

Show
View Real Time Build Order
Export as new Build Order

speaknow Terran - Winner!

Build Orders: 1/1/1, Cyclone Opening 

Get SALT Encoding   

  12  0:00  SCV  
  13  0:13  SCV  
  14  0:16  Supply Depot  
  14  0:25  SCV  
  14  0:27  Refinery  
  15  0:38  SCV  
  16  0:43  Barracks  
  16  0:50  SCV  
  16  0:53  Refinery  
  17  1:02  SCV  
  18  1:14  SCV  
  19  1:31  Orbital Command, Factory  
  19  1:33  Reaper  
  20  1:43  Supply Depot  
  20  1:56  SCV  
  21  2:05  Reaper  
  22  2:08  SCV  
  22  2:15  Cyclone  
  26  2:19  Starport  
  26  2:21  SCV  
  27  2:26  Supply Depot  
  27  2:33  SCV  
  28  2:38  Barracks Tech Lab  
  28  2:45  SCV  
  29  2:57  SCV  
  32  2:59  Hellion  
  32  3:04  Raven  
  32  3:05  Supply Depot  
  34  3:09  SCV  
  34  3:10  Barracks Reactor  
  35  3:20  Widow Mine  
  35  3:35  SCV  
  35  3:38  Command Center  
  38  3:53  SCV  
  37  3:56  Viking x2  
  37  3:58  Marine  
  37  4:02  Supply Depot  
  42  4:05  SCV  
  42  4:07  Siege Tank  
  46  4:16  Marine  
  47  4:23  SCV  
  48  4:30  Viking  
  50  4:34  Viking  
  50  4:36  Supply Depot, SCV  
  53  4:50  SCV  
  52  4:59  Marine  
  53  5:00  Siege Tank  
  53  5:02  Refinery  
  53  5:03  SCV  
  57  5:08  Orbital Command  
  57  5:15  SCV  
  58  5:26  Viking  
  58  5:27  SCV, Viking  
  63  5:29  Marine  
  64  5:38  SCV  
  64  5:39  SCV  
  66  5:49  Command Center  
  65  5:50  Barracks Tech Lab, SCV  
  65  5:51  SCV  
  65  5:56  Engineering Bay  
  66  5:57  Command Center  
  66  6:01  Liberator  
  66  6:02  SCV  
  66  6:03  SCV  
  68  6:06  Refinery  
  68  6:09  Marine  
  68  6:10  Stimpack  
  69  6:14  SCV  
  69  6:16  SCV  
  71  6:20  Viking  
  71  6:21  Supply Depot  
  71  6:23  Missile Turret  
  76  6:25  Missile Turret  
  76  6:26  SCV  
  76  6:28  SCV  
  78  6:37  Supply Depot  
  78  6:42  Marine, SCV x2, Siege Tank  
  78  6:44  Barracks  
  84  6:50  Barracks  
  84  6:54  SCV  
  84  6:55  SCV  
  84  6:59  Viking  
  84  7:00  Marine  
  89  7:02  Viking  
  92  7:08  SCV x2  
  92  7:12  Orbital Command  
  92  7:18  Marine  
  92  7:20  SCV x2  
  94  7:28  Siege Tank  
  94  7:29  Viking  
  99  7:32  SCV x2, Viking  
  99  7:35  Barracks Reactor  
  103  7:38  Barracks  
  103  7:41  Orbital Command  
  103  7:42  Barracks  
  103  7:45  Marine  
  103  7:50  Supply Depot x2  
  104  7:51  SCV x2  
  96  8:03  SCV x2  
  96  8:04  Marine  
  94  8:06  Barracks Reactor  
  94  8:12  Armory  
  94  8:14  SCV, Engineering Bay  
  94  8:15  SCV x2  
Show
View Real Time Build Order
Export as new Build Order

Kelazhur Terran 

Build Orders: 1/1/1, Cyclone Opening 

Get SALT Encoding   

  12  0:00  SCV  
  13  0:12  SCV  
  14  0:17  Supply Depot  
  14  0:24  SCV  
  14  0:27  Refinery  
  15  0:38  SCV  
  16  0:43  Barracks  
  16  0:50  SCV  
  16  0:54  Refinery  
  17  1:03  SCV  
  18  1:17  SCV  
  19  1:30  Orbital Command, Reaper  
  20  1:33  Factory  
  20  1:46  Supply Depot  
  20  1:56  SCV  
  21  2:02  Reaper  
  21  2:08  SCV  
  23  2:17  Cyclone  
  23  2:19  Starport  
  23  2:21  SCV  
  27  2:26  Supply Depot  
  27  2:33  SCV  
  27  2:35  Barracks Tech Lab  
  28  2:45  SCV  
  28  2:50  Hellion  
  31  3:01  Cloaking Field, Banshee  
  31  3:03  SCV  
  35  3:10  Supply Depot  
  35  3:12  Barracks Reactor  
  35  3:19  SCV  
  34  3:31  SCV  
  35  3:39  Factory Tech Lab  
  35  3:43  SCV  
  35  3:48  Raven, Marine x2  
  38  3:50  Command Center  
  40  3:57  SCV  
  40  3:59  Factory Tech Lab  
  41  4:03  Supply Depot  
  41  4:06  Marine x2  
  41  4:09  SCV  
  44  4:18  Siege Tank  
  47  4:24  SCV  
  47  4:30  Marine x2  
  47  4:34  Banshee  
  47  4:37  SCV  
  51  4:49  Marine x2  
  53  4:57  SCV  
  54  5:05  Orbital Command  
  54  5:08  Command Center  
  54  5:12  SCV  
  55  5:24  SCV  
  55  5:25  Barracks  
  55  5:26  Barracks  
  55  5:29  Starport Reactor  
  55  5:30  Marine, Stimpack  
  55  5:33  SCV  
  57  5:36  SCV  
  58  5:43  Siege Tank  
  58  5:45  SCV  
  58  5:48  SCV  
  61  5:53  Marine  
  59  5:57  SCV  
  59  6:00  SCV  
  61  6:09  SCV  
  61  6:10  Marine, Refinery x2  
  63  6:12  SCV  
  63  6:14  Supply Depot  
  63  6:15  Siege Tank  
  63  6:17  Starport Reactor  
  67  6:20  Marine x2  
  67  6:21  Orbital Command  
  67  6:23  SCV  
  70  6:29  SCV  
  70  6:30  Engineering Bay  
  70  6:31  Engineering Bay  
  70  6:32  Marine x3  
  73  6:35  SCV  
  75  6:41  SCV  
  75  6:42  Marine  
  75  6:43  Marine  
  81  6:47  SCV, Siege Tank  
  81  6:48  SCV  
  81  6:50  Marine x2  
  81  6:51  Marine  
  81  6:53  SCV  
  87  6:55  Supply Depot  
  86  7:02  Supply Depot, SCV  
  86  7:05  Marine  
  88  7:09  Marine  
  88  7:13  Marine, SCV  
  88  7:14  Orbital Command, Marine  
  92  7:20  Marine  
  92  7:22  SCV  
  94  7:23  Siege Tank  
  94  7:26  Marine  
  94  7:27  Marine  
  96  7:31  Marine x2, SCV  
  96  7:36  Medivac  
  98  7:38  Marine, Medivac  
  98  7:41  SCV  
  98  7:43  SCV  
  98  7:44  Marine  
  98  7:52  Marine  
  74  7:58  Marine  
  74  7:59  SCV  
  74  8:05  Marine  
Tags
 
Add a new tag
Caveats
  • Supply blocks, unpowered buildings, or Contaminate may cause inaccurate times.
  • Supply counts are checked every 10 seconds.